 Dungeon Crawl Stone Soup version 0.20-a0-993-gba41c3c (webtiles) character file.

69 Monsterracer the Ruffian (level 4, 0/38 HPs)
             Began as a Naga Transmuter on Apr 11, 2017.
             Slain by a gnoll (9 damage)
             ... on level 2 of the Dungeon.
             The game lasted 00:05:20 (2392 turns).

Monsterracer the Ruffian (Naga Transmuter)          Turns: 2392, Time: 00:05:21

Health: 0/38       AC:  2    Str: 13      XL:     4   Next: 20%
Magic:  7/7        EV: 10    Int: 12 (14) God:
Gold:   122        SH:  0    Dex:  9 (11) Spells: 3/7 levels left

rFire    . . .     SeeInvis +     - Unarmed
rCold    . . .     Gourm    .   (no shield)
rNeg     . . .     Faith    .   b - +0 robe
rPois    +         Spirit   .   (no helmet)
rElec    .         Reflect  .   (no cloak)
rCorr    .         Harm     .   (no gloves)
MR       .....                  (no barding)
Stlth    +.........             (no amulet)
Regen    0.2/turn               (no ring)
MPRegen  0.1/turn               (no ring)

@: very slightly contaminated, drained, very slow
A: see invisible, deformed body, poison resistance, slowness 2, slow metabolism
1, spit poison 1, AC +1
a: Spit Poison


You were on level 2 of the Dungeon.
You were not hungry.

You visited 1 branch of the dungeon, and saw 2 of its levels.

You collected 122 gold pieces.

Inventory:

Armour
 b - a +0 robe (worn)
Scrolls
 e - a scroll of fog {unknown}
 f - 2 scrolls of amnesia {unknown}
 g - a scroll of enchant armour {unknown}
 i - a scroll of teleportation {unknown}
 j - a scroll of magic mapping {unknown}
 k - a scroll of fear {unknown}
 l - a scroll of identify {unknown}
Books
 c - a book of Changes

   Spells                             Type                      Level
   a - Beastly Appendage              Transmutation                1
   b - Sticks to Snakes               Transmutation                2
   c - Spider Form                    Transmutation/Poison         3
   d - Ice Form                       Ice/Transmutation            4
   e - Blade Hands                    Transmutation                5
Comestibles
 a - 2 royal jellies
 d - 2 bread rations
 h - 2 meat rations


   Skills:
 - Level 1.0(0.9) Fighting
 - Level 1.5(1.4) Dodging
 + Level 3.8(3.7) Unarmed Combat
 - Level 2.0(1.9) Spellcasting
 * Level 3.6(3.5) Transmutations


You had 3 spell levels left.
You knew the following spells:

 Your Spells              Type           Power        Failure   Level  Hunger
a - Beastly Appendage     Tmut           #.....       8%          1    ##.....
b - Spider Form           Tmut/Pois      #.........   43%         3    ####...


Dungeon Overview and Level Annotations

Branches:
Dungeon (2/15)

Altars:
Elyvilon


Innate Abilities, Weirdness & Mutations

You cannot wear boots.
Your serpentine skin is tough. (AC +1)
You have supernaturally acute eyesight. (SInv)
Armour fits poorly on your strangely shaped body.
Your system is resistant to poisons. (rPois)
You cover ground very slowly.
You have a slow metabolism.
You can spit poison.


Message History

The gnoll is heavily wounded.
The gnoll hits you.
You barely miss the gnoll.
The gnoll is heavily wounded.
The gnoll hits you.
You are too injured to fight recklessly!
You are too injured to fight recklessly!
You are too injured to fight recklessly!
You closely miss the gnoll.
The gnoll is heavily wounded.
The gnoll hits you!
* * * LOW HITPOINT WARNING * * *
You hit the gnoll.
The gnoll is severely wounded.
The gnoll hits you.
* * * LOW HITPOINT WARNING * * *
You barely miss the gnoll.
The gnoll is severely wounded.
The gnoll hits you!
You die...

#..###.###.###.## #
##..'.._###.#.....
.####...###.###.#....#
....).#.# #.# #....###
....)##.###+###...#
......#..........###
.##.#..............##
.##..#######.....#..#
........###...##@.#
......#.....#.###g#
....................
......#..###.###......
......#......# ##.)$.>
......#.###..# #.#..
#######.# ##.. .. .
#.. .# .. #..


You could see a gnoll.

Vanquished Creatures
  2 adders (D:2)
  2 worms (D:2)
  A dart slug (D:1)
  2 leopard geckos (D:1)
  5 bats
  2 giant cockroaches (D:1)
  A hobgoblin (D:2)
  3 jackals (D:1)
  A quokka (D:2)
  2 frilled lizards (D:1)
  6 goblins
  6 kobolds
  6 rats
  A fungus (D:1)
40 creatures vanquished.

Notes
Turn   | Place    | Note
-------+----------+-------------------------------------------
     0 | D:1      | Monsterracer the Naga Transmuter began the quest for the Orb.
     0 | D:1      | Reached XP level 1. HP: 18/18 MP: 3/3
   334 | D:1      | Reached XP level 2. HP: 25/25 MP: 5/5
  1135 | D:1      | Reached XP level 3. HP: 24/31 MP: 6/6
  1201 | D:1      | Learned a level 3 spell: Spider Form
  2121 | D:2      | Reached XP level 4. HP: 30/38 MP: 5/7
  2247 | D:2      | Found a white marble altar of Elyvilon.
  2392 | D:2      | Slain by a gnoll

Vault maps used:
D:1:      lightli_molten_gateway, minmay_gold_behind_fungi
D:2:      minmay_wonky_spiral, nicolae_overflow_hidden_temple,
          lemuel_doored_altar, serial_park_tiny_pond

Skill      XL: |  1  2 |
---------------+-------+-----
Transmutations | 3 |  3.6
Fighting       | |  1.0
Dodging        | |  1.5
Unarmed Combat | |  3.8
Spellcasting   | |  2.0

Action                   |  1- 3 |  4- 6 || total
-------------------------+-------+-------++-------
Melee: Unarmed           |   156 |    31 ||   187
       Headbutt          |    11 |     4 ||    15
       Punch             |     2 |       ||     2
 Cast: Beastly Appendage |    12 |     2 ||    14
 Abil: Spit Poison       |     4 |     1 ||     5
  Use: Potion            |     3 |     2 ||     5
 Stab: Sleeping          |     1 |       ||     1
  Eat: Chunk             |     2 |     2 ||     4
Armor: Robe              |    36 |     3 ||    39
Dodge: Dodged            |    77 |     6 ||    83
